 Dungeon Crawl Stone Soup version 0.31-a0-986-g5e6e4ef867 (webtiles) character file.

Game seed: 18080549653664601150

5992 Aldia the Thaumaturge (level 10, -9/56 HPs)
             Began as a Deep Elf Conjurer on Nov 18, 2023.
             Was an Elder of Sif Muna.
             Killed by nerve-wracking pain
             ... invoked by an orc priest
              (14 damage)
             ... on level 8 of the Dungeon.
             The game lasted 00:29:02 (10547 turns).

Aldia the Thaumaturge (Deep Elf Conjurer)          Turns: 10547, Time: 00:29:02

Health: -9/56      AC: 10    Str:  4    XL:     10   Next: 55%
Magic:  1/34       EV: 15    Int: 28    God:    Sif Muna [****..]
Gold:   331        SH:  0    Dex: 19    Spells: 5/27 levels left

rFire   . . .        x - staff of conjuration
rCold   . . .        (no shield)
rNeg    . . .        s - +3 leather armour
rPois   .            (no helmet)
rElec   .            y - +1 cloak
rCorr   .            a - +1 pair of gloves
SInv    .            (no boots)
Will    +....        (no amulet)
Stlth   +++          E - +6 ring of dexterity
HPRegen 0.29/turn    t - ring of magical power
MPRegen 0.24/turn

%: no passive effects
@: studying Unarmed Combat
A: no striking features
a: Renounce Religion, Channel Magic, Forget Spell, Divine Exegesis


You were on level 8 of the Dungeon.
You worshipped Sif Muna.
Sif Muna was greatly pleased with you.
You visited 2 branches of the dungeon, and saw 9 of its levels.
You also visited: Ossuary.

You collected 386 gold pieces.
You spent 55 gold pieces at shops.

Inventory:

Hand Weapons
 c - a +0 orcbow of flaming
Missiles
 f - 3 curare-tipped darts
Armour
 a - a +1 pair of gloves (worn)
 h - a +1 kite shield of protection
 s - a +3 leather armour (worn)
 y - a +1 cloak (worn)
Magical Staves
 x - a staff of conjuration (weapon)
Jewellery
 j - a ring of poison resistance
 p - a ring of fire
 t - a ring of magical power (right hand)
 E - a +6 ring of dexterity (left hand)
Wands
 B - a wand of paralysis (4)
 C - a wand of iceblast (6)
Scrolls
 d - 3 scrolls of immolation
 g - 2 scrolls of teleportation
 i - 2 scrolls of enchant weapon
 l - 2 scrolls of poison
 u - a scroll of summoning
 v - a scroll of brand weapon
 D - 2 scrolls of fog
 F - 2 scrolls of noise
 H - a scroll of blinking
Potions
 b - a potion of magic
 e - 3 potions of cancellation
 k - 6 potions of degeneration
 m - 4 potions of curing
 n - 3 potions of lignification
 o - a potion of heal wounds
 q - a potion of mutation
 r - a potion of might
 w - a potion of enlightenment
 z - a potion of ambrosia
 A - a potion of brilliance
 G - a potion of attraction {unknown}


   Skills:
 - Level 4.0 Fighting
 - Level 2.0 Armour
 + Level 7.4 Dodging
 - Level 4.0 Stealth
 - Level 9.0 Spellcasting
 - Level 8.0 Conjurations
 - Level 6.0 Hexes
 - Level 4.2 Translocations
 + Level 3.7 Ice Magic
 + Level 4.4 Air Magic
 + Level 5.7 Invocations


You had 5 spell levels left.
You knew the following spells:

 Your Spells              Type           Power      Damage    Failure   Level
a - Magic Dart            Conj           100%       1d8       1%          1
b - Searing Ray           Conj           100%       2d8       1%          2
c - Fulminant Prism       Conj/Hex       33%        3d15      4%          4
d - Iskenderun's Mystic   Conj/Tloc      63%        2d13      6%          4
e - Freezing Cloud        Conj/Ice/Air   29%        6-21      24%         5
f - Mephitic Cloud        Conj/Pois/Air  52%        N/A       4%          3
g - Tukima's Dance        Hex            46%        N/A       1%          3

Your spell library contained the following spells:

 Spells                   Type           Power      Damage    Failure   Level
 Ensorcelled Hibernation  Hex/Ice        78%        N/A       1%          2
 Jinxbite                 Hex            92%        N/A       1%          2
 Static Discharge         Conj/Air       100%       3-8/arc   1%          2
 Dazzling Flash           Conj/Hex       100%       N/A       1%          3
 Poisonous Vapours        Pois/Air       50%        N/A       4%          2
 Inner Flame              Hex/Fire       29%        N/A       7%          3
 Airstrike                Air            18%        2d(3-19)  12%         4
 Flame Wave               Conj/Fire      51%        2d13      14%         4
 Passage of Golubria      Tloc           36%        N/A       14%         4
 Sticky Flame             Conj/Fire      51%        2d7       14%         4
 Anguish                  Hex/Necr       14%        N/A       22%         4
 Summon Lightning Spire   Summ/Air       25%        N/A       30%         4
 Yara's Violent Unravell  Hex/Tmut       14%        3d7       52%         5


Dungeon Overview and Level Annotations

Branches:
Dungeon (8/15)             Temple (1/1) D:5         Ossuary (visited)
   Lair: D:8-11

Altars:
Ashenzari
Cheibriados
Elyvilon
Fedhas
Gozag
Hepliaklqana
Kikubaaqudgha
Makhleb
Nemelex Xobeh
Okawaru
Qazlal
Ru
Sif Muna
Trog
Vehumet
Wu Jian
Xom
Yredelemnul
Zin
The Shining One

Shops:
D:1 (   D:3 !   D:5 [   D:7 :


Message History

The orc misses you.
The orc priest calls upon Beogh to heal the orc.
The orc's wounds heal themselves!
You hit the orc.
The orc is heavily wounded.
The orc hits you but does no damage. The orc closely misses you.
You hit the orc.
You blast the orc.
You kill the orc!
Sif Muna accepts your kill. The orc hits you but does no damage.
Casting: Iskenderun's Mystic Blast (dangerous; 6% risk of failure)
Confirm with . or Enter, or press ? or * to list all spells.
You feel a surge of power!
You erupt in a blast of force!
The mystic blast hits the orc!!
You kill the orc!
Sif Muna accepts your kill.
The mystic blast hits the orc priest.
The orc priest is moderately wounded.
The orc priest is knocked back by the mystic blast.
Unknown command.
Unknown command.
The orc priest looks braver for a moment.
Things that are here:
a +0 flail; an orc corpse You hit the orc priest but do no damage.
The orc priest is moderately wounded.
The orc priest invokes the aid of Beogh against you.
Pain shoots through your body!
You closely miss the orc priest.
The orc priest is moderately wounded.
The orc priest mumbles some strange prayers to Beogh against you.
Beogh smites you!
* * * LOW HITPOINT WARNING * * *
The orc priest begins to cast a cantrip, but forgets the words!
You hit the orc priest but do no damage.
You blast the orc priest.
The orc priest is severely wounded.
The orc priest invokes the aid of Beogh against you.
Pain shoots through your body!
You die...

########.........*..##.....##.##
.########..........Y..#.8.8.#..##
.#.#.#.#.#.#.#.#.#.##.#######.##
.............<.....# #.......##
##.#.#.#.#.#)#.#.### ######..####
..............)...####### #......
.#.#.#.#.#.#.#.#.#......# #)#####
#...............o.#####.# #.#....
##.#.#.#.#.#.#.#@#.# #.# #)#.###
#...............)).## #.###)#)###
##.#.#.#.#.#.#.#.#..###.#........
#.................#..##.#####.###
##.#.#.#.#.#.#.#.###.##.# #.#..
#####.########### #....## #.#..
#Y# ####..####.#.. #.#
#.....#...< #.# ######.#####


You could see an orc priest.

Vanquished Creatures
  2 death yaks
  A wyvern (D:8)
  Edmund (D:5)
  2 water moccasins (D:5)
  2 sky beasts
  An ogre (D:6)
  A black bear (D:5)
  An ice beast (D:7)
  5 centaurs
  A kobold brigand (D:8)
  A bullfrog (D:6)
  Blork the orc (D:5)
  13 scorpions
  8 wights
  6 killer bees
  3 howler monkeys
  6 centaur zombies (Ossuary)
  7 orc priests
  2 gnoll boudas
  8 hounds
  2 jellies
  5 sleepcaps
  2 scorpion zombies (Ossuary)
  2 iguanas
  14 orc wizards
  3 mummies (Ossuary)
  4 adders
  18 gnolls
  A shadow imp (D:7)
  A white imp (D:7)
  2 dart slugs (D:1)
  44 orcs
  5 ball pythons
  3 endoplasms
  4 giant cockroaches
  5 goblins
  8 hobgoblins
  5 jackals (D:5)
  4 quokkas
  4 bats
  3 frilled lizards
  5 gnoll zombies (Ossuary)
  5 goblin zombies (Ossuary)
  A hobgoblin zombie (Ossuary)
  11 kobolds
  2 orc zombies (Ossuary)
  3 rats (D:1)
238 creatures vanquished.

Vanquished Creatures (collateral kills)
  2 gnolls (D:2)
  A dart slug (D:2)
3 creatures vanquished.

Vanquished Creatures (others)
  An ogre (D:5)
  A bullfrog (D:5)
  A scorpion (D:5)
  A gnoll bouda (D:5)
  An iguana (D:5)
  3 adders (D:5)
  30 fulminant prisms
38 creatures vanquished.

Grand Total: 279 creatures vanquished

Notes
Turn   | Place    | Note
-------+----------+-------------------------------------------
     0 | D:1      | Aldia the Deep Elf Conjurer began the quest for the Orb.
     0 | D:1      | Reached XP level 1. HP: 10/10 MP: 6/6
   179 | D:1      | Found Lupel's Weapon Boutique.
   247 | D:1      | Reached XP level 2. HP: 15/15 MP: 5/8
   278 | D:1      | Learned a level 2 spell: Searing Ray
   773 | D:2      | Reached XP level 3. HP: 19/20 MP: 7/9
   874 | D:2      | Reached skill level 5 in Conjurations
  1171 | D:2      | Reached skill level 1 in Fighting
  1311 | D:2      | Found a faded altar of an unknown god.
  1575 | D:2      | HP: 1/20 [gnoll/+0 halberd (6)]
  1576 | D:2      | Reached XP level 4. HP: 1/25 MP: 8/11
  2468 | D:3      | Reached skill level 4 in Spellcasting
  2473 | D:3      | Learned a level 4 spell: Fulminant Prism
  2478 | D:3      | Learned a level 4 spell: Iskenderun's Mystic Blast
  2567 | D:3      | Found Ydwuzi's Distillery.
  2579 | D:3      | Bought 2 potions of degeneration for 22 gold pieces
  2579 | D:3      | Bought a potion of lignification for 33 gold pieces
  2808 | D:3      | Reached XP level 5. HP: 13/29 MP: 7/13
  3250 | D:4      | Reached skill level 1 in Hexes
  3434 | D:4      | Reached XP level 6. HP: 31/34 MP: 1/15
  3938 | D:4      | Reached skill level 5 in Spellcasting
  4106 | D:5      | Entered Level 5 of the Dungeon
  4324 | D:5      | Found a staircase to the Ecumenical Temple.
  4332 | Temple   | Entered the Ecumenical Temple
  4342 | Temple   | Became a worshipper of Sif Muna the Loreminder
  4402 | D:5      | Found Josaeri's Armour Boutique.
  4415 | D:5      | Reached skill level 1 in Translocations
  4415 | D:5      | Reached XP level 7. HP: 40/40 MP: 17/17
  4872 | D:5      | Reached skill level 6 in Spellcasting
  4875 | D:5      | Reached * piety under Sif Muna
  4994 | D:5      | Found a shimmering altar of Xom.
  5027 | D:5      | Reached skill level 5 in Hexes
  5274 | D:5      | Noticed Edmund
  5282 | D:5      | Killed Edmund
  5283 | D:5      | Reached skill level 5 in Dodging
  5283 | D:5      | Reached XP level 8. HP: 25/44 MP: 18/19
  5392 | D:5      | Noticed Blork the orc
  5397 | D:5      | Killed Blork the orc
  5673 | D:5      | Reached skill level 1 in Armour
  6273 | D:6      | Reached skill level 1 in Invocations
  6359 | D:6      | Reached XP level 9. HP: 50/50 MP: 9/20
  6602 | D:6      | Learned a level 5 spell: Freezing Cloud
  6606 | D:6      | Learned a level 3 spell: Mephitic Cloud
  7456 | D:7      | Reached skill level 7 in Spellcasting
  7507 | D:7      | Reached ** piety under Sif Muna
  7508 | D:7      | Reached skill level 1 in Air Magic
  7740 | D:7      | Learned a level 3 spell: Tukima's Dance
  8039 | D:7      | Found Ameraz's Tremendous Tomes.
  8083 | D:7      | Found a sparkling altar of Nemelex Xobeh.
  8780 | D:8      | Identified the +0 battleaxe of Currency {flame, Str+3
                  | Stlth+}
  8985 | D:8      | Found a sand-covered staircase.
  8994 | Ossuary  | Entered an ossuary
  9105 | Ossuary  | Reached skill level 8 in Spellcasting
  9107 | Ossuary  | Reached skill level 1 in Ice Magic
  9441 | Ossuary  | Reached *** piety under Sif Muna
  9505 | Ossuary  | Reached XP level 10. HP: 47/56 MP: 20/24
 10062 | D:8      | Reached **** piety under Sif Muna
 10199 | D:8      | Noticed a death yak
 10204 | D:8      | Noticed a death yak
 10245 | D:7      | Killed a death yak
 10246 | D:7      | Reached skill level 5 in Invocations
 10437 | D:8      | Found an iron altar of Okawaru.
 10437 | D:8      | Found an ornate altar of the Wu Jian Council.
 10444 | D:8      | Found a broken altar of Ashenzari.
 10446 | D:8      | Found a stormy altar of Qazlal.
 10448 | D:8      | Found a faded altar of an unknown god.
 10526 | D:8      | Killed a death yak
 10527 | D:8      | Reached skill level 9 in Spellcasting
 10547 | D:8      | Killed from afar by an orc priest

Illustrated notes

Levels and vault maps discovered:
D:1:      roderic_dead_forest, layout_rooms, serial_shops, shop
D:2:      layout_basic, hellmonk_ecumenical_altar_defaced_shrine
D:3:      layout_basic, serial_shops, nicolae_shop_tiny_glass
D:4:      layout_rooms
D:5:      layout_basic, xom_confusion_cloud, minmay_temple_entry_arrows,
          serial_shops, shop, minivault_5, minmay_manual_mullet, uniq_edmund,
          uniq_blork_the_orc
D:6:      layout_basic, minmay_misc_feat_plants
D:7:      layout_loops_cross, mainiacjoe_overflow_surrounded_room,
          nicolae_shop_i_like_big_books, kb_lookout_dungeons_type,
          lightli_orcish_oven
D:8:      layout_basic, chequers_temple_overflow_minitemple,
          gammafunk_temple_overflow_elements, dpeg_lair_monsters,
          mainiacjoe_ossuary_entry_dusty_tomb, chequers_serial_rivers_micro_d,
          st_stairs_11
Temple:   nicolae_temple_two_arcs

Skill      XL: |  1  2  3  4  5  6  7  8  9 10 |
---------------+-------------------------------+-----
Stealth        | 3 4 |  4.0
Conjurations   | 5 6 7 8 |  8.0
Fighting       | 1 2 3 4 |  4.0
Spellcasting   | 4 5 6 8 9 |  9.0
Hexes          | 2 3 5 6 |  6.0
Dodging        | 3 5 6 7 |  7.4
Translocations | 1 3 4 |  4.2
Armour         | 2 |  2.0
Invocations    | 1 4 5 |  5.7
Air Magic      | 3 4 |  4.4
Ice Magic      | 1 3 |  3.7

Action                     |  1- 3 |  4- 6 |  7- 9 | 10-12 || total
---------------------------+-------+-------+-------+-------++-------
  Melee: Short sword       |     1 |     7 |       |       ||     8
         Staff             |       |       |    23 |    38 ||    61
         Punch             |       |       |       |     2 ||     2
   Cast: Magic Dart        |    78 |    93 |   274 |    67 ||   512
         Searing Ray       |       |     7 |    18 |     3 ||    28
         Fulminant Prism   |       |     2 |    18 |    10 ||    30
         Iskenderun's Myst |       |       |    15 |    14 ||    29
         Mephitic Cloud    |       |       |       |     3 ||     3
 Invoke: Channel Magic     |       |       |       |     1 ||     1
  Evoke: Wand              |       |       |       |     3 ||     3
    Use: Scroll            |     2 |     9 |     7 |     1 ||    19
         Potion            |       |     1 |     1 |     2 ||     4
 Armour: Robe              |     8 |       |       |       ||     8
         Leather armour    |       |    15 |    92 |    49 ||   156
  Dodge: Dodged            |     2 |    21 |    87 |    37 ||   147

Table legend: (Time is in decaauts)
 A = Elapsed time spent in this place.
 B = Non-inter-level travel time spent in this place.
 C = Inter-level travel time spent in this place.
 D = Time resting spent in this place.
 E = Time spent auto-exploring this place.
 F = Levels seen in this place.
 G = Mean time per level.
                   A        B        C        D        E       F      G
               +--------+--------+--------+--------+--------+-----+--------+
         Total |  10594 |  10161 |    433 |    499 |   8089 |  10 | 1059.4 |
       Dungeon |   9685 |   9266 |    419 |    499 |   7412 |   8 | 1210.6 |
        Temple |     18 |      4 |     14 |      0 |      0 |   1 |   18.0 |
       Ossuary |    890 |    890 |      0 |      0 |    677 |   1 |  890.0 |
               +--------+--------+--------+--------+--------+-----+--------+

Top non-repeatable levels by time:
     D:5: 1828 daAuts
     D:2: 1308 daAuts
     D:7: 1293 daAuts
     D:6: 1280 daAuts
     D:3: 1254 daAuts
     D:8: 1040 daAuts
 Ossuary: 890 daAuts
     D:1: 881 daAuts
     D:4: 797 daAuts
  Temple: 18 daAuts
